 Dungeon Crawl Stone Soup version 0.27-a0-1144-g0b7d3b79db (webtiles) character file.

Game seed: 5991246299183403413

102263 freelancePsychic the Geomancer (level 16, -9/119 HPs)
             Began as a Kobold Earth Elementalist on May 10, 2021.
             Was an Elder of Sif Muna.
             Mangled by a naga warrior
             ... wielding a +0 dire flail
              (16 damage)
             ... on level 1 of the Snake Pit.
             The game lasted 02:24:53 (43730 turns).

freelancePsychic the Geomancer (KoEE)              Turns: 43730, Time: 02:24:54

Health: -9/119     AC: 34    Str:  5 (7)  XL:     16   Next: 85%
Magic:  23/25      EV: 16    Int: 27 (29) God:    Sif Muna [****..]
Gold:   1416       SH:  9    Dex: 14 (16) Spells: 9/28 levels left

rFire    . . .     SeeInvis .     - Unarmed
rCold    . . .     Faith    +   p - +3 buckler {AC+3}
rNeg     + . .     Spirit   .   (armour currently unavailable)
rPois    ∞         Reflect  .   d - +0 helmet
rElec    +         Harm     .   q - +0 cloak
rCorr    .         Rampage  .   (gloves currently unavailable)
Will     +....                  (boots currently unavailable)
Stlth    ++++++....             K - amulet of faith
HPRegen  0.29/turn              h - +4 ring of slaying
MPRegen  0.19/turn              C - +6 ring of intelligence

@: statue-form, constricted, very slow
A: slow and powerful, torment resistance 1, boosted hp, small, no large weapons,
nightstalker 3, hooves 1, clever 1, deterioration 1, frail 1, evolution 1
a: End Transformation, Renounce Religion, Channel Magic, Forget Spell, Divine
Exegesis


You were on level 1 of the Snake Pit.
You worshipped Sif Muna.
Sif Muna was greatly pleased with you.
You were a living statue of rough stone.
You visited 5 branches of the dungeon, and saw 25 of its levels.
You also visited: Bailey.

You collected 2818 gold pieces.
You spent 1402 gold pieces at shops.

Inventory:

Hand Weapons
 a - the +4 dagger "Morg" {pain, Will+ Int+5}
   (You acquired it on level 13 of the Dungeon)

   In the hands of one skilled in necromantic magic, it inflicts extra damage on
   living creatures.
   It affects your intelligence (+5).
   It increases your willpower.
Missiles
 v - 282 bolts
 x - 84 stones
 O - 6 curare-tipped darts
 T - 7 atropa-tipped darts
Armour
 b - a scarf of repulsion
 d - a +0 helmet (worn)
 k - a +0 pair of boots (melded)
 p - a +3 buckler of protection (worn)
 q - a +0 cloak (worn)
 r - a +3 leather armour of fire resistance
 s - a +1 pair of gloves of dexterity (melded)
 w - a +2 robe of the Archmagi (melded)
Jewellery
 c - a ring of magical power
 h - a +4 ring of slaying (left fist)
 n - a ring of see invisible
 t - a ring of resist corrosion
 u - a ring of ice
 z - a ring of wizardry
 C - a +6 ring of intelligence (right fist)
 K - an amulet of faith (around neck)
 L - a ring of flight
 W - the ring "Soicudd" {rPois Will+}
   (You bought it in a shop on level 2 of the Orcish Mines)

   [ring of willpower]

   It protects you from poison.
   It increases your willpower.
Wands
 D - a wand of acid (35)
Scrolls
 i - a scroll of enchant armour
 j - a scroll of holy word
 l - 3 scrolls of immolation
 y - a scroll of identify {@r1}
 H - a scroll of teleportation {@r4}
 J - 6 scrolls of magic mapping
 R - a scroll of silence
 U - 2 scrolls of fear
 V - 7 scrolls of amnesia
 Y - a scroll of summoning
Potions
 e - 7 potions of flight
 f - 3 potions of mutation
 g - 4 potions of might
 m - 2 potions of ambrosia
 o - a potion of magic
 A - 5 potions of attraction
 B - 5 potions of curing {@q1}
 F - a potion of haste {@q3}
 I - 4 potions of brilliance
 N - 2 potions of heal wounds {@q2}
 P - 2 potions of cancellation
Miscellaneous
 Q - a condenser vane
 S - a phial of floods


   Skills:
 + Level 12.4 Fighting
 - Level 5.0 Short Blades
 + Level 10.0 Dodging
 - Level 12.1 Stealth
 - Level 5.6 Shields
 * Level 9.5 Unarmed Combat
 - Level 6.6 Spellcasting
 - Level 6.1 Conjurations
 - Level 9.6 Transmutations
 - Level 12.9 Earth Magic
 - Level 11.3 Invocations


You had 9 spell levels left.
You knew the following spells:

 Your Spells              Type           Power      Damage    Failure   Level
a - Sandblast             Erth           100%       2d20      1%          1
b - Stone Arrow           Conj/Erth      100%       3d13      1%          3
c - Petrify               Tmut/Erth      63%        N/A       1%          4
d - Lee's Rapid Deconstr  Erth           34%        3d18*     1%          5
e - Statue Form           Tmut/Erth      42%        N/A       9%          6

Your spell library contained the following spells:

 Spells                   Type           Power      Damage    Failure   Level
 Beastly Appendage        Tmut           100%       N/A       1%          1
 Magic Dart               Conj           100%       1d8       1%          1
 Shock                    Conj/Air       100%       1d9       1%          1
 Sting                    Tmut/Pois      100%       1d8       1%          1
 Passwall                 Tmut/Erth      52%        N/A       1%          2
 Searing Ray              Conj           84%        3d6       1%          2
 Wereblood                Tmut           57%        N/A       1%          2
 Static Discharge         Conj/Air       25%        N/A       2%          2
 Spider Form              Tmut/Pois      17%        N/A       2%          3
 Hydra Form               Tmut           28%        N/A       3%          5
 Ignite Poison            Fire/Tmut/Pois 26%        N/A       4%          3
 Animate Armour           Summ/Erth      86%        N/A       4%          4
 Leda's Liquefaction      Hex/Erth       21%        N/A       4%          4
 Conjure Flame            Conj/Fire      25%        6-21      5%          3
 Dazzling Flash           Conj/Hex       50%        N/A       5%          3
 Animate Skeleton         Necr           16%        N/A       6%          1
 Apportation              Tloc           16%        N/A       6%          1
 Corona                   Hex            8%         N/A       6%          1
 Freeze                   Ice            32%        1d5       6%          1
 Summon Small Mammal      Summ           32%        N/A       6%          1
 Mephitic Cloud           Conj/Pois/Air  19%        N/A       8%          3
 Ice Form                 Ice/Tmut       35%        N/A       9%          4
 Call Imp                 Summ           8%         N/A       10%         2
 Ensorcelled Hibernation  Hex/Ice        16%        N/A       10%         2
 Poisonous Vapours        Pois/Air       16%        N/A       10%         2
 Bolt of Magma            Conj/Fire/Erth 21%        4d11      12%         5
 Iskenderun's Battlesphe  Conj           42%        2d9       14%         5
 Fulminant Prism          Conj/Hex       12%        3d9       17%         4
 Hailstorm                Conj/Ice       25%        3d7       17%         4
 Iskenderun's Mystic Bla  Conj/Tloc      25%        2d7       17%         4
 Sticky Flame             Conj/Fire      25%        2d5       17%         4
 Blade Hands              Tmut           28%        N/A       17%         6
 Call Canine Familiar     Summ           8%         N/A       19%         3
 Lesser Beckoning         Tloc           4%         N/A       19%         3
 Ozocubu's Armour         Ice            8%         N/A       19%         3
 Portal Projectile        Hex/Tloc       16%        N/A       19%         3
 Summon Guardian Golem    Hex/Summ       8%         N/A       19%         3
 Swiftness                Air            8%         N/A       19%         3
 Tukima's Dance           Hex            8%         N/A       19%         3
 Iron Shot                Conj/Erth      28%        9d6       19%         6
 Alistair's Intoxication  Tmut/Pois      23%        N/A       24%         5
 Yara's Violent Unravell  Hex/Tmut       17%        3d8       24%         5
 Lightning Bolt           Conj/Air       12%        1d26      43%         5
 Airstrike                Air            4%         N/A       52%         4
 Cause Fear               Hex            4%         N/A       52%         4
 Olgreb's Toxic Radiance  Pois           8%         N/A       52%         4
 Summon Ice Beast         Ice/Summ       8%         N/A       52%         4
 Summon Lightning Spire   Summ/Air       8%         N/A       52%         4
 Dragon Form              Tmut           28%        N/A       67%         7
 Eringya's Noxious Bog    Tmut/Pois      17%        N/A       78%         6
 Silence                  Hex/Air        4%         N/A       86%         5
 Summon Mana Viper        Hex/Summ       8%         N/A       86%         5
 Conjure Ball Lightning   Conj/Air       12%        3x3d6     95%         6
 Freezing Cloud           Conj/Ice/Air   9%         6-21      99%         6
 Orb of Destruction       Conj           21%        9d9       99%         7
 Invisibility             Hex            8%         N/A       100%        6
 Spellforged Servitor     Conj/Summ      12%        N/A       100%        7
 Discord                  Hex            4%         N/A       100%        8
 Shatter                  Erth           34%        3d27*     100%        9
 Tornado                  Air            4%         N/A       100%        9


Dungeon Overview and Level Annotations

Branches:
Dungeon (15/15)            Temple (0/1) D:4            Lair (6/6) D:10
 Shoals (0/4) Lair:4        Snake (1/4) Lair:3        Slime (0/5) Lair:5
    Orc (2/2) D:10            Elf (1/3) Orc:2        Vaults (0/5) D:14
 Depths (0/5) D:15         Bailey (visited)

Altars:
Elyvilon
Fedhas
Gozag
Kikubaaqudgha
Makhleb
Qazlal
Sif Muna
Trog
Wu Jian
Yredelemnul
The Shining One
Beogh
Jiyva

Shops:
D:1 (   D:7 (([?(   Orc:1 [   Orc:2 *=[(

Portals:
Trove: D:10 (show abyssal rune of Zot)

Annotations:
D:10 Erolcha
D:13 exclusion: door
D:14 2 runed translucent doors
Lair:1 1 runed translucent door, Fannar
Lair:3 exclusion: oklob plant


Innate Abilities, Weirdness & Mutations

You are a living statue of rough stone.
Your actions are slow, but your melee attacks are powerful.
You are resistant to unholy torment.
Your maximum health is greatly increased.
You are immune to poison.
Your equipment is partially melded.
You are small and have problems with some larger weapons.
You are completely attuned to the shadows.
You have large cloven feet.
Your mind is acute. (Int +2)
Your body sometimes deteriorates upon taking damage.
You are frail. (-10% HP)
You evolve.


Message History

You block the naga warrior's attack. The naga warrior constricts you.
You block the naga mage's attack.
You barely miss the naga warrior. Your kick misses the naga warrior.
The naga warrior is lightly wounded.
The naga closely misses you.
The naga warrior roars a battlecry!
The nagas go into a battle-frenzy!
The naga warrior constricts you. You block the naga mage's attack.
You punch the naga warrior!
The naga warrior is lightly wounded.
The naga closely misses you.
The naga warrior hits you but does no damage.
The naga warrior constricts you. The naga mage hits you with a +0 club.
You punch the naga warrior!
The naga warrior is moderately wounded.
The naga hits you with a +0 short sword!
* * * LOW HITPOINT WARNING * * *
You block the naga warrior's attack.
* * * LOW HITPOINT WARNING * * *
The naga warrior constricts you. The naga mage spits poison at you.
The splash of poison misses you. The naga mage hits you with a +0 club.
* * * LOW HITPOINT WARNING * * *
The naga warrior closely misses you. The naga warrior constricts you.
The naga closely misses you.
You fail to use your ability.
You block the naga's attack.
The naga warrior hits you with a +0 dire flail.
* * * LOW HITPOINT WARNING * * *
The naga warrior constricts you. The naga mage hits you with a +0 club!
* * * LOW HITPOINT WARNING * * *
You fail to use your ability.
The naga spits poison at you. The splash of poison misses you.
The naga warrior hits you with a +0 dire flail.
* * * LOW HITPOINT WARNING * * *
The naga warrior constricts you.
The naga mage gestures at the naga while chanting.
The naga seems to grow toxic.
The naga mage barely misses you.
The naga warrior hits you with a +0 dire flail!
You die...

#. .. #.. ... #..#
...+..###.###)...
..+.......N8†...
#.#.......N)N...
####.#.............
....<'.............
.....'.......#+++##
##...'.......#
#####.......#
##......+ ##.....#


You could see a naga warrior (curare), a naga mage (strong, catching breath) and
a naga (strong, curare, catching breath).

Vanquished Creatures
  Gastronok (D:9)
  Donald (Orc:2)
  An orc warlord (Orc:2)
  An ironbound preserver (D:14)
  An ettin (D:15)
  2 boulder beetles
  A catoblepas (Lair:6)
  9 centaur warriors
  3 two-headed ogres
  Erica (D:8)
  7 hydras
  2 death yaks (Lair:4)
  An orc high priest (Orc:2)
  2 dancing weapons (Elf:1)
  A tengu warrior (D:14)
  Nergalle (Lair:1)
  A deep elf knight (Elf:1)
  4 skeletal warriors
  3 deep trolls (D:15)
  Pikel (D:4)
  An obsidian statue (D:13)
  3 deep elf archers (Elf:1)
  An orange crystal statue (Elf:1)
  A wizard (D:14)
  8 deep elf pyromancers
  8 deep elf zephyrmancers (Elf:1)
  2 necromancers (D:15)
  3 manticores
  3 orc sorcerers
  5 orc knights
  4 ugly things
  2 wolf spiders
  A salamander (Snake:1)
  11 elephants
  A guardian serpent (Snake:1)
  A black mamba (shapeshifter) (D:14)
  7 cyclopes
  6 black mambas
  Joseph (Lair:1)
  12 cane toads
  A yaktaur (D:15)
  2 rime drakes (Lair:4)
  A gargoyle (D:13)
  8 komodo dragons
  Maggie (D:6)
  4 kobold demonologists
  A freezing wraith (D:15)
  6 trolls
  3 meliai (D:14)
  A polar bear (Lair:4)
  6 hornets (Lair:6)
  23 slime creatures
  12 blink frogs
  9 dream sheep
  A meliai zombie (D:11)
  A water elemental (Elf:1)
  2 air elementals (Elf:1)
  A vampire (D:14)
  13 spriggans (Lair:6)
  2 shadows
  4 wraiths
  3 wyverns
  5 yaks
  4 basilisks
  9 vampire mosquitoes
  4 wargs
  A steam dragon (D:10)
  31 water moccasins
  A naga (Snake:1)
  Duvessa (D:6)
  34 orc warriors
  7 black bears
  6 necrophages (D:10)
  An ice beast (D:8)
  3 sky beasts (D:6)
  4 boggarts (Lair:6)
  30 wolves
  The ghost of DemonSlayer the Slasher, an amateur HuBe of Trog (D:3)
  3 ogres
  14 centaurs
  A phantom (D:4)
  4 lemures (D:4)
  8 bullfrogs
  Blork the orc (Orc:2)
  9 kobold brigands
  3 gnoll sergeants
  3 scorpions (D:5)
  Dowan (D:6)
  14 killer bees
  9 wights
  3 howler monkeys (D:14)
  8 electric eels
  A crimson imp (D:13)
  5 centaur zombies
  A quasit (D:13)
  3 hounds
  A jelly (D:5)
  15 orc priests
  A centaur skeleton (D:2)
  A human zombie (D:10)
  A gnoll shaman (D:7)
  3 iguanas
  2 iron imps (D:13)
  16 orc wizards
  2 mummies (D:10)
  A howler monkey zombie (D:9)
  A howler monkey skeleton (D:3)
  16 adders
  16 gnolls
  A river rat (D:3)
  2 shadow imps
  A white imp (D:6)
  An ufetubus (D:13)
  A worm (D:3)
  3 dart slugs
  75 orcs
  11 endoplasms
  3 giant cockroaches
  6 goblins
  13 hobgoblins
  7 jackals
  17 kobolds
  2 quokkas
  9 ball pythons
  13 bats
  3 frilled lizards (D:1)
  6 rats
713 creatures vanquished.

Vanquished Creatures (others)
  A deep elf knight (Elf:1)
  An acid dragon (D:12)
  2 bushes (D:13)
  39 fungi
  108 plants
151 creatures vanquished.

Grand Total: 864 creatures vanquished

Notes
Turn   | Place    | Note
-------+----------+-------------------------------------------
     0 | D:1      | freelancePsychic the Kobold Earth Elementalist began the
                  | quest for the Orb.
     0 | D:1      | Reached XP level 1. HP: 10/10 MP: 3/3
   221 | D:1      | Found Uluih's Weapon Emporium.
   257 | D:1      | Reached XP level 2. HP: 13/15 MP: 0/5
   359 | D:1      | Found a faded altar of an unknown god.
   452 | D:1      | Reached XP level 3. HP: 19/19 MP: 4/6
   500 | D:1      | Reached skill level 1 in Conjurations
  1336 | D:2      | Reached XP level 4. HP: 24/24 MP: 8/8
  1392 | D:2      | Learned a level 3 spell: Stone Arrow
  1872 | D:2      | Reached XP level 5. HP: 28/28 MP: 9/9
  1963 | D:2      | Learned a level 4 spell: Petrify
  2172 | D:3      | Found a blossoming altar of Fedhas.
  2172 | D:3      | Found a shimmering blue altar of Sif Muna.
  2207 | D:3      | Became a worshipper of Sif Muna the Loreminder
  3097 | D:3      | Found a transporter.
  3102 | D:3      | Noticed DemonSlayer's ghost (amateur HuBe)
  3123 | D:3      | Found a transporter.
  3340 | D:4      | Reached XP level 6. HP: 27/32 MP: 11/11
  3437 | D:4      | Found a staircase to the Ecumenical Temple.
  3518 | D:4      | Noticed Pikel
  4073 | D:4      | Reached skill level 5 in Earth Magic
  4441 | D:5      | Entered Level 5 of the Dungeon
  4760 | D:4      | Killed Pikel
  4761 | D:4      | Reached XP level 7. HP: 12/36 MP: 12/12
  4761 | D:4      | Reached XP level 8. HP: 14/41 MP: 13/13
  5112 | D:4      | Found a basalt altar of Yredelemnul.
  5155 | D:4      | Identified the +1 whip of the Fray {elec, SInv}
  5392 | D:5      | Found a bloodstained altar of Trog.
  5670 | D:5      | Found a white marble altar of Elyvilon.
  5710 | D:5      | Reached * piety under Sif Muna
  5879 | D:5      | Reached skill level 1 in Fighting
  6234 | D:5      | Reached XP level 9. HP: 48/48 MP: 14/14
  6236 | D:5      | Found the +7 Singing Sword {vorpal, sonic wave}
  6343 | D:5      | Found a glowing golden altar of the Shining One.
  6734 | D:6      | Noticed Maggie
  6752 | D:6      | Killed Maggie
  7235 | D:6      | Noticed Dowan
  7255 | D:6      | Reached skill level 5 in Transmutations
  7259 | D:6      | Killed Dowan
  7445 | D:6      | Noticed Duvessa
  7465 | D:6      | Killed Duvessa
  7465 | D:6      | Reached ** piety under Sif Muna
  7710 | D:6      | Found an ornate altar of the Wu Jian Council.
  7842 | D:7      | Found Edgh's Antique Weapon Shoppe.
  7852 | D:7      | Found Doced's Antique Armour Boutique.
  8287 | D:7      | Reached skill level 5 in Dodging
  8372 | D:7      | Found a burning altar of Makhleb.
  8438 | D:7      | Found Orepal's Weapon Shoppe.
  8454 | D:7      | Reached skill level 5 in Fighting
  8484 | D:7      | Noticed a kobold demonologist
  8492 | D:7      | Killed a kobold demonologist
  8493 | D:7      | Reached XP level 10. HP: 59/59 MP: 10/15
  8613 | D:7      | Found Ozxupn's Antique Weapon Shoppe.
  8827 | D:7      | Bought a smoking rapier for 279 gold pieces
  8827 | D:7      | Identified the +2 rapier of Propriety {antimagic, rC+
                  | Str+4} (You bought it in a shop on level 7 of the Dungeon)
  8974 | D:7      | Found Gysut's Magic Scroll Shoppe.
  9297 | D:8      | Found a flagged portal.
  9326 | Bailey   | Entered a bailey
 10554 | Bailey   | Noticed an orc knight
 10602 | D:8      | Reached *** piety under Sif Muna
 11012 | D:8      | Noticed Erica
 12334 | D:9      | Noticed Gastronok
 12399 | D:10     | Entered Level 10 of the Dungeon
 12526 | D:10     | Reached XP level 11. HP: 56/68 MP: 5/16
 13030 | D:10     | Found a staircase to the Lair.
 13681 | D:10     | Found a staircase to the Orcish Mines.
 13706 | D:10     | Noticed Erolcha
 14081 | D:10     | Found an ancient bone altar of Kikubaaqudgha.
 14211 | D:10     | Reached skill level 10 in Earth Magic
 14437 | D:10     | Reached **** piety under Sif Muna
 14771 | D:10     | Found a portal to a secret trove of treasure.
 14998 | Lair:1   | Entered Level 1 of the Lair of Beasts
 15004 | Lair:1   | Noticed Nergalle
 15073 | Lair:1   | Killed Nergalle
 15074 | Lair:1   | Reached skill level 5 in Short Blades
 15186 | Lair:1   | Noticed Fannar
 15211 | Lair:1   | Noticed Joseph
 15220 | Lair:1   | Killed Joseph
 15483 | Lair:1   | Reached skill level 5 in Stealth
 15551 | Lair:1   | Noticed a four-headed hydra
 15562 | Lair:1   | Killed a four-headed hydra
 15916 | Lair:1   | Found a runed translucent door.
 16284 | Lair:2   | Noticed a six-headed hydra
 16293 | Lair:2   | Killed a six-headed hydra
 16294 | Lair:2   | Reached XP level 12. HP: 50/75 MP: 12/17
 17089 | Lair:2   | Reached skill level 10 in Stealth
 17925 | Lair:3   | Noticed a five-headed hydra
 17935 | Lair:3   | Killed a five-headed hydra
 18055 | Lair:3   | Found a staircase to the Snake Pit.
 18592 | Lair:3   | Reached skill level 5 in Spellcasting
 19075 | Lair:4   | Found a staircase to the Shoals.
 19372 | Lair:4   | Noticed a seven-headed hydra
 19388 | Lair:4   | Killed a seven-headed hydra
 19552 | Lair:4   | Noticed a six-headed hydra
 19629 | Lair:4   | Reached skill level 5 in Conjurations
 19705 | Lair:4   | Reached XP level 13. HP: 59/79 MP: 4/20
 19917 | Lair:4   | Reached skill level 1 in Invocations
 20622 | Lair:4   | Identified the +0 ring mail of the Circus Animal {Fly
                  | Int+3}
 20951 | Lair:4   | Reached skill level 5 in Invocations
 21488 | Lair:4   | Killed a six-headed hydra
 21890 | Lair:5   | Reached skill level 10 in Fighting
 22245 | Lair:5   | Learned a level 5 spell: Lee's Rapid Deconstruction
 22512 | Lair:5   | Reached ***** piety under Sif Muna
 23183 | Lair:5   | Found a staircase to the Slime Pits.
 23183 | Lair:5   | Found a viscous altar of Jiyva.
 23975 | Lair:6   | Entered Level 6 of the Lair of Beasts
 24156 | Lair:6   | Reached skill level 1 in Shields
 24407 | Lair:6   | Identified Sif Muna's Papyrus of Mutagenic Execration (Sif
                  | Muna gifted it to you on level 6 of the Lair of Beasts)
 24407 | Lair:6   | Received a gift from Sif Muna
 24482 | Lair:6   | Learned a level 6 spell: Statue Form
 24551 | Lair:6   | Reached XP level 14. HP: 54/88 MP: 21/21
 25279 | Lair:6   | HP: 4/88 [spriggan rider/+0 spear (21)]
 26578 | Lair:6   | Reached skill level 5 in Shields
 26833 | Lair:6   | Paralysed by a hornet for 1 turns
 27894 | Orc:1    | Entered Level 1 of the Orcish Mines
 28027 | Orc:2    | Entered Level 2 of the Orcish Mines
 28030 | Orc:2    | Found a staircase to the Elven Halls.
 28095 | Orc:2    | Identified Pinn's Grimoire of Changing and Clay (Sif Muna
                  | gifted it to you on level 2 of the Orcish Mines)
 28095 | Orc:2    | Received a gift from Sif Muna
 28226 | Orc:2    | Noticed Donald
 28239 | Orc:2    | Gained mutation: You are frail. (-10% HP) [mutagenic glow]
 28242 | Orc:2    | Killed Donald
 28243 | Orc:2    | Reached skill level 1 in Unarmed Combat
 28248 | Orc:2    | Gained mutation: You evolve. [mutagenic glow]
 28868 | Orc:2    | Noticed Blork the orc
 28878 | Orc:2    | Killed Blork the orc
 29179 | Orc:2    | Gained mutation: Your mind is acute. (Int +2) [evolution]
 29469 | Orc:2    | Noticed an orc warlord
 29471 | Orc:2    | Found Foamidet's Antique Armour Shop.
 29503 | Orc:2    | Killed an orc warlord
 30312 | Orc:2    | Found Petacwuf's General Store.
 30335 | Orc:2    | Found Fuodaock's Jewellery Shop.
 30351 | Orc:2    | Found Ryupre's Antique Weapon Shop.
 30515 | Orc:1    | Found Neabysch's Antique Armour Emporium.
 31596 | D:7      | Bought a pair of glowing gloves for 240 gold pieces
 31596 | D:7      | Bought a dazzling helmet for 304 gold pieces
 31596 | D:7      | Identified the +1 helmet of Sif Muna's Vengeance {Harm
                  | rElec Will++ SInv} (You bought it in a shop on level 7 of
                  | the Dungeon)
 31713 | D:8      | Found an opulent altar of Gozag.
 31766 | D:8      | Killed Erica
 32143 | D:3      | Killed DemonSlayer's ghost
 32144 | D:3      | Reached XP level 15. HP: 84/84 MP: 18/24
 32338 | D:9      | Killed Gastronok
 32417 | D:9      | Identified Nohisset's Papyrus of Earthen Transmutation (Sif
                  | Muna gifted it to you on level 9 of the Dungeon)
 32417 | D:9      | Received a gift from Sif Muna
 32439 | D:9      | Found a stormy altar of Qazlal.
 32549 | D:11     | Reached skill level 5 in Unarmed Combat
 33486 | D:11     | Reached skill level 10 in Dodging
 36539 | D:13     | Identified Sif Muna's Guide on Excruciating Enchantment
                  | (Sif Muna gifted it to you on level 13 of the Dungeon)
 36539 | D:13     | Received a gift from Sif Muna
 36886 | D:13     | Identified a scroll of acquirement
 36887 | D:13     | Acquired the +4 dagger "Morg" {pain, Will+ Int+5}
 36888 | D:13     | Found the +4 dagger "Morg" {pain, Will+ Int+5}
 37742 | D:13     | Gained mutation: Your body sometimes deteriorates upon
                  | taking damage. [evolution]
 37991 | D:14     | Found a large runed translucent door.
 37992 | D:14     | Found a large runed translucent door.
 38163 | D:14     | Found a gate to the Vaults.
 38163 | D:14     | Noticed an ironbound preserver
 38178 | D:14     | Killed an ironbound preserver
 38568 | D:14     | Reached XP level 16. HP: 90/90 MP: 25/25
 38573 | D:14     | Received a gift from Sif Muna
 39770 | D:14     | Gained mutation: You have large cloven feet. [evolution]
 40007 | D:15     | Entered Level 15 of the Dungeon
 40040 | D:15     | Found a staircase to the Depths.
 41333 | Orc:2    | Bought the ring "Soicudd" {rPois Will+} for 579 gold pieces
 41382 | Elf:1    | Entered Level 1 of the Elven Halls
 41704 | Elf:1    | Reached skill level 10 in Invocations
 41815 | Elf:1    | Found the +4 robe of Augmentation {Str+4 Int+4 Dex+4}
 43443 | Elf:1    | Identified Nuh Qyabb's Grimoire of Twisted Cold
 43674 | Snake:1  | Entered Level 1 of the Snake Pit
 43730 | Snake:1  | Mangled by a naga warrior

Illustrated notes

Levels and vault maps discovered:
D:1:      tarquinn_simple_flora_water_e, layout_rooms, serial_shops, shop,
          shapermc_ecumenical_altar_totnotflames, minmay_hedge_maze
D:2:      layout_rooms, minmay_distorted
D:3:      layout_basic, jmf_multi_god_temple, portal_sewer_entry_c,
          gammafunk_ghost_arena, minmay_misc_feat_rows, nrook_mini_backslash
D:4:      layout_loops_ring, lemuel_coloured_pillars_altar,
          minmay_temple_entry_glassed_door, minivault_27,
          kennysheep_generic_room_16, uniq_pikel
D:5:      old_forge, layout_rooms, kennysheep_mini_moat, trog_ov_bears_minmay,
          elyvilon_altar_3, chequers_avenue
D:6:      layout_loops_ring, general_overflow_altar,
          chequers_serial_rivers_large_a, uniq_duvessa, uniq_maggie
D:7:      layout_cave_pools, lemuel_round_altar, serial_shops,
          nicolae_shop_behind_doors, nicolae_shop_crystal,
          nicolae_shop_waterfront, shop, kennysheep_mini
D:8:      layout_loops_ring, grunt_gozag_breadcrumbs, enter_bailey_5, uniq_erica
D:9:      layout_rooms, nicolae_qazlal_eye_of_the_storm, uniq_gastronok
D:10:     erik_rubicon_a, layout_cave_pods,
          lemuel_mausoleum_altar_kikubaaqudgha, david_lair_shrubbed,
          orc_0_dummy, nicolae_trove_entry_columns, minivault_4, uniq_erolcha
D:11:     layout_basic
D:12:     layout_layer_cave, serial_rivers, chequers_serial_rivers_micro_c,
          chequers_serial_rivers_small_3, chequers_serial_rivers_micro_c,
          chequers_serial_rivers_large_b, chequers_serial_rivers_small_b,
          kennysheep_kite_vault
D:13:     kennysheep_kobold_grotto, layout_irregular_city, uniq_kirke
D:14:     layout_grid_maze, skrybe_vaults_entry_preservation,
          ebering_ghost_disaster_area, serial_bayou_lagoon_a, skrybe_limestone_x
D:15:     hangedman_depths_entry_civil_slaughter, layout_long_grid
Lair:1:   gammafunk_indiana_jones, layout_misc_corridors, uniq_fannar,
          uniq_joseph, uniq_nergalle
Lair:2:   layout_gridlike
Lair:3:   layout_roguey, minmay_snake_entry_six_corridors,
          minmay_lair_oklob_bushes
Lair:4:   layout_layer_cave, shoals_dummy_entry, infiniplex_staircase_pool,
          lemuel_fruit_fields
Lair:5:   lemuel_reptile_caves, layout_loops_ring, slime_altar_1, minivault_19,
          grunt_megastairs_5
Lair:6:   minmay_lair_end_enchanted_forest, layout_long_grid,
          grunt_forest_small_clearing_treed
Snake:1:  cheibrodos_snake_lava_hold, layout_gridlike, serial_bayou,
          serial_bayou_pond_c, serial_bayou_lake_a, serial_bayou_pond_b,
          serial_bayou_pond_a, minmay_shoptagon
Orc:1:    layout_diamond_mine, serial_shops, nicolae_shop_waterfront
Orc:2:    grunt_orc_cross, layout_caves, uniq_donald
Elf:1:    eino_elf_arrival_the_gate, layout_loops_corners, serial_glass,
          glass_columns_c, glass_columns_b, glass_columns_c,
          minmay_strange_pillars, due_unseen_surprise, item_on_display_a,
          nicolae_elf_glass_and_crystal_pillar_1, palyth_stone_intersect,
          minivault_15, lemuel_flamethrower_3

Skill      XL: |  1  2  3  4  5  6  7  8  9 10 11 12 13 14 15 16 |
---------------+-------------------------------------------------+-----
Conjurations   | 1 2 5 6 |  6.1
Earth Magic    | 4 7 8 9 10 12 | 12.9
Spellcasting   | 3 5 6 |  6.6
Transmutations | 2 4 5 7 9 |  9.6
Fighting       | 2 5 7 8 10 11 12 | 12.4
Dodging        | 5 8 9 10 | 10.0
Stealth        | 4 7 10 11 12 | 12.1
Short Blades   | 5 |  5.0
Invocations    | 5 11 | 11.3
Shields        | 2 5 |  5.6
Unarmed Combat | 4 9 |  9.5

Action                   |  1- 3 |  4- 6 |  7- 9 | 10-12 | 13-15 | 16-18 || total
-------------------------+-------+-------+-------+-------+-------+-------++-------
Melee: Unarmed           |     8 |       |       |       |   380 |   238 ||   626
       Dagger            |    19 |   124 |   202 |   567 |   747 |    38 ||  1697
       Kick              |       |       |       |       |       |    29 ||    29
 Cast: Sandblast         |    26 |    45 |    10 |    24 |     1 |       ||   106
       Petrify           |       |       |    29 |   118 |   142 |     8 ||   297
       Stone Arrow       |       |       |     4 |    76 |   114 |    14 ||   208
       Statue Form       |       |       |       |       |    63 |    30 ||    93
       Lee's Rapid Decon |       |       |       |       |     7 |     4 ||    11
       Invisibility      |       |       |       |       |       |     1 ||     1
Invok: Divine Exegesis   |       |       |       |       |       |     1 ||     1
Evoke: Wand              |       |       |       |     1 |     6 |       ||     7
  Use: Scroll            |       |     6 |     3 |    12 |    17 |    11 ||    49
       Potion            |       |     1 |       |     2 |     9 |     5 ||    17
 Stab: Sleeping          |     8 |    15 |    10 |    26 |    34 |    11 ||   104
       Distracted        |       |     1 |       |       |     3 |     1 ||     5
       Petrified         |       |       |    66 |   169 |   110 |     2 ||   347
       Petrifying        |       |       |     1 |    30 |    31 |       ||    62
       Held in net/web   |       |       |     1 |       |       |       ||     1
Armor: Robe              |     3 |    26 |    21 |       |    11 |     5 ||    66
       Steam dragon scal |       |       |    19 |   130 |   108 |       ||   257
       Skin              |       |       |       |     3 |   465 |   211 ||   679
Dodge: Dodged            |    18 |    84 |   103 |   439 |  1396 |   420 ||  2460
Block: Buckler           |       |       |       |       |   377 |   187 ||   564

Table legend: (Time is in decaauts)
 A = Elapsed time spent in this place.
 B = Non-inter-level travel time spent in this place.
 C = Inter-level travel time spent in this place.
 D = Time resting spent in this place.
 E = Time spent auto-exploring this place.
 F = Levels seen in this place.
 G = Mean time per level.
                   A        B        C        D        E       F      G
               +--------+--------+--------+--------+--------+-----+--------+
         Total |  45794 |  43951 |   1843 |  10358 |  26270 |  26 | 1761.3 |
       Dungeon |  24909 |  23716 |   1193 |   3889 |  15712 |  15 | 1660.6 |
          Lair |  13055 |  12699 |    356 |   4130 |   7047 |   6 | 2175.8 |
     Snake Pit |     69 |     69 |      0 |      0 |     41 |   1 |   69.0 |
  Orcish Mines |   3998 |   3774 |    224 |   1061 |   1911 |   2 | 1999.0 |
   Elven Halls |   2446 |   2378 |     68 |    851 |   1038 |   1 | 2446.0 |
        Bailey |   1316 |   1316 |      0 |    425 |    520 |   1 | 1316.0 |
               +--------+--------+--------+--------+--------+-----+--------+

Top non-repeatable levels by time:
  Lair:6: 3430 daAuts
   Orc:2: 2903 daAuts
  Lair:5: 2842 daAuts
    D:10: 2784 daAuts
  Lair:4: 2629 daAuts
    D:14: 2536 daAuts
   Elf:1: 2446 daAuts
    D:13: 2375 daAuts
    D:12: 2355 daAuts
     D:4: 2124 daAuts
  Lair:3: 1599 daAuts
     D:6: 1574 daAuts
     D:8: 1426 daAuts
     D:3: 1423 daAuts
  Lair:2: 1389 daAuts
